 Dungeon Crawl Stone Soup version 0.28.0-43-g3370ac3207 (webtiles) character file.

Game seed: 17252003478278930375

902 sking99 the Ruffian (level 7, -1/59 HPs)
             Began as a Yellow Draconian Transmuter on Mar 25, 2022.
             Engulfed by a steam dragon's steam (10 damage)
             ... on level 5 of the Dungeon.
             The game lasted 00:10:54 (7068 turns).

sking99 the Ruffian (Yellow Draconian Transmuter)   Turns: 7068, Time: 00:10:54

Health: -1/59      AC:  2    Str: 14    XL:     7   Next: 80%
Magic:  17/19      EV: 19    Int: 14    God:
Gold:   246        SH:  0    Dex: 16    Spells: 5/10 levels left

rFire   . . .      SeeInvis .     - Unarmed
rCold   . . .      Faith    .   (shield currently unavailable)
rNeg    . . .      Spirit   .   (armour unavailable)
rPois   x          Reflect  .   (helmet currently unavailable)
rElec   .          Harm     .   (cloak currently unavailable)
rCorr   .          Rampage  .   (gloves currently unavailable)
Will    .....                   (boots currently unavailable)
Stlth   +.........              (no amulet)
HPRegen 0.19/turn               h - ring of magical power
MPRegen 0.16/turn               (no ring)

@: spider-form
A: venomous fangs, (spit acid), AC +6, tiny, unfitting armour, (cold-blooded),
(acid resistance)
a: End Transformation


You were on level 5 of the Dungeon.
You were a venomous arachnid creature.
You visited 1 branch of the dungeon, and saw 5 of its levels.

You collected 246 gold pieces.

Inventory:

Armour
 j - a +0 buckler
 m - a +1 pair of boots (melded)
Jewellery
 h - a ring of magical power (left front leg)
Scrolls
 b - a scroll of amnesia
 i - a scroll of immolation
 k - 2 scrolls of teleportation
Potions
 a - 3 potions of degeneration
 c - 2 potions of ambrosia
 d - a potion of attraction {unknown}
 f - a potion of haste
 g - a potion of lignification {unknown}
 n - 2 potions of heal wounds {unknown}
 r - a potion of mutation {unknown}
 s - a potion of berserk rage
 u - a potion of curing {unknown}


   Skills:
 + Level 4.0 Fighting
 - Level 2.1 Dodging
 * Level 5.9 Unarmed Combat
 - Level 2.3 Spellcasting
 - Level 5.0 Transmutations
 - Level 3.5 Poison Magic


You had 5 spell levels left.
You knew the following spells:

 Your Spells              Type           Power      Damage    Failure   Level
b - Wereblood             Tmut           15%        N/A       14%         2
c - Spider Form           Tmut/Pois      13%        N/A       28%         3

Your spell library contained the following spells:

 Spells                   Type           Power      Damage    Failure   Level
 Beastly Appendage        Tmut           30%        N/A       11%         1
 Passwall                 Tmut/Erth      6%         N/A       30%         2
 Ensorcelled Hibernation  Hex/Ice        2%         N/A       56%         2
 Static Discharge         Conj/Air       1%         N/A       56%         2
 Swiftness                Air            1%         N/A       77%         3
 Ice Form                 Ice/Tmut       8%         N/A       82%         4
 Dispel Undead            Necr           1%         3d6       98%         4
 Sticky Flame             Conj/Fire      1%         2d3       98%         4


Dungeon Overview and Level Annotations

Branches:
Dungeon (5/15)
 Temple: D:4-7

Altars:


Innate Abilities, Weirdness & Mutations

You are a venomous arachnid creature.
You have poisonous fangs.
You are tiny and dextrous.
Your spellcasting is less reliable in this form.
Your armour is entirely melded.
You are incapable of wielding weapons or throwing items.
((You can spit globs of acid.))
((Your golden yellow scales are hard. (AC +6)))
You cannot fit into any form of body armour.
((You are cold-blooded and may be slowed by cold attacks.))
((You are resistant to acid. (rCorr)))


Message History

You kill the dart slug!
You see here a dart slug corpse.
Your magical contamination has completely faded away.
Your transformation is almost over.
Your transformation has ended.
Your +1 pair of boots unmelds from your body.
Magic restored.
A steam dragon comes into view.
A steam dragon is nearby!
The steam dragon hisses angrily.
An orc comes into view. It is wielding a +0 club.
An orc wizard comes into view. It is wielding a +0 dagger of draining.
The orc wizard shouts!
You hear a shout!
Casting: Spider Form (dangerous; 12% risk of failure)
Confirm with . or Enter, or press ? or * to list all spells.
You turn into a venomous arachnid creature.
Your +1 pair of boots melds into your body.
The steam dragon closely misses you. The steam dragon misses you.
You barely miss the steam dragon. The steam dragon breathes steam at you.
The ball of steam hits you!!
You hear a shout!
You bite the steam dragon!
The steam dragon is poisoned.
The steam dragon is moderately wounded.
You are engulfed in a cloud of scalding steam.
The steam dragon bites you. The steam dragon completely misses you.
You hit the steam dragon.
The steam dragon looks as sick as possible!
The steam dragon is moderately wounded.
You are engulfed in a cloud of scalding steam.
The steam dragon barely misses you. The steam dragon closely misses you.
You hit the steam dragon but do no damage.
The steam dragon looks as sick as possible!
The steam dragon is moderately wounded.
You are engulfed in a cloud of scalding steam.
* * * LOW HITPOINT WARNING * * *
You are engulfed in a cloud of scalding steam.
* * * LOW HITPOINT WARNING * * *
You are engulfed in a cloud of scalding steam.
You die...

*** #...###.###.# #.#
* *,**#......#....#
*#.#*****
,*,*######...#########
*...,,,,,
***..................#
*,,,,,,,,
,*,#######...#######.#
*,,*,***, *,** ##.##
#.# *,,*,* *, *,* #.#
#####.# *,,*,* *, *,*
#.# #.....# *,,*,* *,
*,**** ***#.#* #s#####
*,,*,***, *,,,,*
*,,...* #ยง# *,,,,,,,,
****,* *,***,* #D#
*,***,*** *,* *,* *,*
#.# ***,,,,,,,, *,*
*,* *,* #o#
*,,,,,,,,,, *,* *,*
*,* #o#*****,*****,***
*,* *,* *,**#..,,,,,,*
*,*** *,* *,*
*,**...******* *,,,,
*,* *,* *,,,...,**
*****


You could see a steam dragon (extremely poisoned).

Vanquished Creatures
  Edmund (D:3)
  Menkaure (D:5)
  2 ogres (D:4)
  A sky beast (D:5)
  A bullfrog zombie (D:5)
  Jessica (D:3)
  Robin (D:3)
  18 gnolls
  5 adders
  An adder skeleton (D:4)
  3 worms
  2 dart slugs
  4 orcs
  7 endoplasms
  7 giant cockroaches
  12 goblins
  8 hobgoblins
  8 jackals (D:3)
  10 kobolds
  3 quokkas
  4 ball pythons
  7 bats
  A frilled lizard (D:1)
  A quokka skeleton (D:4)
  10 rats
119 creatures vanquished.

Notes
Turn   | Place    | Note
-------+----------+-------------------------------------------
     0 | D:1      | sking99 the Draconian Transmuter began the quest for the
                  | Orb.
     0 | D:1      | Reached XP level 1. HP: 16/16 MP: 3/3
   100 | D:1      | Found a faded altar of an unknown god.
   260 | D:1      | Reached XP level 2. HP: 14/23 MP: 3/5
  1534 | D:2      | Reached XP level 3. HP: 29/29 MP: 4/6
  1790 | D:1      | Learned a level 2 spell: Wereblood
  1794 | D:1      | Learned a level 3 spell: Spider Form
  1997 | D:2      | You fall into a shaft and drop 1 floor!
  1997 | D:3      | Noticed Robin
  2038 | D:3      | Reached skill level 1 in Poison Magic
  2043 | D:3      | Killed Robin
  2044 | D:3      | Reached XP level 4. HP: 10/36 MP: 7/7
  2877 | D:2      | Identified the +9 hunting sling of Vagioq {vorpal, rF+ rC+}
  2881 | D:2      | Reached XP level 5. HP: 36/41 MP: 8/8
  3362 | D:3      | Noticed Jessica
  4426 | D:3      | Killed Jessica
  4667 | D:4      | Noticed Edmund
  4706 | D:3      | Killed Edmund
  4707 | D:3      | Reached XP level 6. HP: 30/48 MP: 9/9
  4971 | D:4      | Reached skill level 5 in Transmutations
  5455 | D:4      | Your scales start taking on a golden yellow colour.
  5455 | D:4      | Reached XP level 7. HP: 39/56 MP: 10/10
  5455 | D:4      | Gained mutation: You are resistant to acid. (rCorr) [Yellow
                  | Draconian growth]
  6449 | D:5      | Entered Level 5 of the Dungeon
  6639 | D:5      | Reached skill level 5 in Unarmed Combat
  6884 | D:5      | Noticed Menkaure
  6894 | D:5      | Killed Menkaure
  7058 | D:5      | Noticed a steam dragon
  7068 | D:5      | Engulfed by a steam dragon's steam

Illustrated notes

Levels and vault maps discovered:
D:1:      eino_arrival_cavern_a, layout_loops_ring,
          hellmonk_ecumenical_altar_heavens_door
D:2:      layout_loops_corners, minmay_misc_feat_more_columns,
          minmay_joined_circles
D:3:      layout_loops_corners, uniq_robin, uniq_jessica
D:4:      layout_basic, uniq_edmund
D:5:      layout_loops_ring, uniq_menkaure

Skill      XL: |  1  2  3  4  5  6  7 |
---------------+----------------------+-----
Dodging        | 2 |  2.1
Poison Magic   | 1 2 3 |  3.5
Transmutations | 3 4 5 |  5.0
Fighting       | 2 4 |  4.0
Unarmed Combat | 4 5 |  5.9
Spellcasting   | |  2.3

Action                   |  1- 3 |  4- 6 |  7- 9 || total
-------------------------+-------+-------+-------++-------
Melee: Unarmed           |   133 |   204 |    71 ||   408
       Kick              |    14 |    10 |       ||    24
       Tailslap          |     9 |    14 |     1 ||    24
       Headbutt          |    11 |    11 |       ||    22
       Punch             |     5 |     3 |       ||     8
 Cast: Beastly Appendage |    14 |     8 |       ||    22
       Spider Form       |       |     6 |    10 ||    16
  Use: Scroll            |       |       |    12 ||    12
 Stab: Sleeping          |     1 |     2 |       ||     3
Armor: Skin              |    45 |    43 |     7 ||    95
Dodge: Dodged            |    97 |   174 |    55 ||   326
